 Dungeon Crawl Stone Soup version 0.20.1-1-g8b1a95d (webtiles) character file.

212 ReignOfFire the Slasher (level 5, 0/35 HPs)
             Began as a Demonspawn Gladiator on July 25, 2017.
             Was an Initiate of Hepliaklqana.
             Slain by an ufetubus (1 damage)
             ... summoned by Eustachio
             ... on level 4 of the Dungeon.
             The game lasted 00:05:12 (3744 turns).

ReignOfFire the Slasher (Demonspawn Gladiator)      Turns: 3744, Time: 00:05:13

Health: 0/35       AC:  4    Str: 14    XL:     5   Next: 58%
Magic:  5/5        EV: 13    Int: 10    God:    Hepliaklqana [......]
Gold:   132        SH:  0    Dex: 18    Spells: 4/4 levels left

rFire    + . .     SeeInvis .   a - +0 long sword
rCold    . . .     Gourm    .   (no shield)
rNeg     . . .     Faith    .   b - +0 leather armour
rPois    .         Spirit   .   (helmet restricted)
rElec    .         Reflect  .   (no cloak)
rCorr    .         Harm     .   (no gloves)
MR       .....                  w - +0 pair of boots
Stlth    ++........             (no amulet)
Regen    0.2/turn               u - +3 ring of dexterity
MPRegen  0.1/turn               A - ring of protection from fire

@: no status effects
A: reduced essence, claws 1, horns 1, talons 1, powered by pain 1
a: Recall Ancestor, Ancestor Identity, Renounce Religion


You were on level 4 of the Dungeon.
You worshipped Hepliaklqana.
Hepliaklqana was noncommittal.
You were not hungry.

You visited 2 branches of the dungeon, and saw 5 of its levels.

You collected 132 gold pieces.

Inventory:

Hand Weapons
 a - a +0 long sword (weapon)
Missiles
 d - 2 throwing nets (quivered)
Armour
 b - a +0 leather armour (worn)
 c - a +0 helmet
 w - a +0 pair of boots (worn)
Jewellery
 u - a +3 ring of dexterity (left claw)
 A - a ring of protection from fire (right claw)
Scrolls
 e - 2 scrolls of magic mapping {unknown}
 k - 2 scrolls of remove curse {unknown}
 m - a scroll of fear {unknown}
 p - a scroll of teleportation {unknown}
 v - a scroll of recharging {unknown}
 x - a scroll of enchant weapon {unknown}
 y - 2 scrolls of identify {unknown}
Potions
 h - 4 potions of might {unknown}
 j - 2 potions of haste {unknown}
 l - 2 potions of curing {unknown}
 n - 2 potions of mutation {unknown}
 q - 2 potions of lignification {unknown}
 r - a potion of brilliance {unknown}
 s - a potion of degeneration {unknown}
 t - a potion of ambrosia {unknown}
 z - a potion of flight {unknown}
Comestibles
 f - 3 bread rations
 g - 2 fruits
 i - 2 meat rations
 o - 4 royal jellies
 B - 4 chunks of flesh


   Skills:
 + Level 2.7 Fighting
 + Level 4.1 Long Blades
 + Level 2.0 Throwing
 + Level 2.1 Armour
 + Level 3.4 Dodging
 + Level 0.6 Stealth


You had 4 spell levels left.
You didn't know any spells.

Dungeon Overview and Level Annotations

Branches:
Dungeon (4/15)             Temple (1/1) D:4

Altars:
Ashenzari
Cheibriados
Elyvilon
Fedhas
Gozag
Hepliaklqana
Kikubaaqudgha
Makhleb
Nemelex Xobeh
Okawaru
Qazlal
Sif Muna
Uskayaw
Xom
Zin

Annotations:
D:4 Eustachio


Innate Abilities, Weirdness & Mutations

You have sharp fingernails.
You have a pair of small horns on your head.
You have sharp toenails.
You sometimes gain a little power by taking damage.
Your life essence is reduced to manifest your ancestor. (-10% HP)


Message History

Eustachio is heavily wounded.
The bat barely misses you.
You riposte.
You closely miss the bat. The ufetubus misses you.
You riposte.
Your leather armour prevents you from hitting the ufetubus.
You headbutt the ufetubus.
The ufetubus is heavily wounded.
The ufetubus misses you. The river rat closely misses you.
You riposte.
You hit the river rat.
You headbutt the river rat, but do no damage.
The river rat is moderately wounded.
The quokka bites you but does no damage.
The bat hits you but does no damage.
Vagu hits Eustachio.
The rat closely misses you. Eustachio hits you but does no damage.
The white imp gestures at you. The puff of frost hits you!
* * * LOW HITPOINT WARNING * * *
The ufetubus hits you.
* * * LOW HITPOINT WARNING * * *
The ufetubus hits you.
You die...

..#...........# #.
.....#####.##### #.
.....## #.# #. #....##
#.# #. ####.)...###.# #.
#............##########.
........5...............
#....b....#############
#....r@@R.# ##...r5r.##
##.....## ##...## #####


You could see the friendly Vagu the ancestor, Eustachio, a river rat, a white
imp, an ufetubus, a quokka, a bat and a rat.

Vanquished Creatures
  Jessica (D:2)
  An iguana (D:4)
  3 adders
  4 gnolls
  An ooze (D:3)
  An adder zombie (D:1)
  A worm (D:2)
  2 leopard geckos
  4 orcs
  3 giant cockroaches
  12 hobgoblins
  2 jackals (D:2)
  4 kobolds
  3 quokkas
  4 ball pythons (D:3)
  8 bats
  11 frilled lizards
  8 goblins
  A quokka zombie (D:1)
  9 rats
83 creatures vanquished.

Notes
Turn   | Place    | Note
-------+----------+-------------------------------------------
     0 | D:1      | ReignOfFire the Demonspawn Gladiator began the quest for the Orb.
     0 | D:1      | Reached XP level 1. HP: 16/16 MP: 1/1
    79 | D:1      | Gained mutation: You have sharp toenails. [demonic ancestry]
    79 | D:1      | Reached XP level 2. HP: 20/22 MP: 2/2
   157 | D:1      | Reached skill level 3 in Long Blades
   796 | D:2      | Gained mutation: You sometimes gain a little power by taking damage. [demonic ancestry]
   796 | D:2      | Reached XP level 3. HP: 27/27 MP: 3/3
   927 | D:2      | Noticed Jessica
   941 | D:2      | Killed Jessica
   941 | D:2      | Reached skill level 1 in Armour
   941 | D:2      | Gained mutation: You have sharp fingernails. [demonic ancestry]
   941 | D:2      | Reached XP level 4. HP: 9/34 MP: 4/4
  1806 | D:3      | Found a blossoming altar of Fedhas.
  2163 | D:4      | Gained mutation: You have a pair of small horns on your head. [demonic ancestry]
  2163 | D:4      | Reached XP level 5. HP: 5/39 MP: 5/5
  2431 | D:4      | Found a staircase to the Ecumenical Temple.
  2448 | Temple   | Entered the Ecumenical Temple
  2531 | Temple   | Became a worshipper of Hepliaklqana the Forgotten
  2575 | D:4      | Reached skill level 4 in Long Blades
  3727 | D:4      | Noticed Eustachio
  3744 | D:4      | HP: 1/35 [ufetubus[Eustachio] (1)]
  3744 | D:4      | Slain by an ufetubus

Skill      XL: |  1  2  3  4  5 |
---------------+----------------+-----
Dodging        | 3 |  3.4
Throwing       | 2 |  2.0
Long Blades    | 3 4 |  4.1
Armour         | 1 2 |  2.1
Fighting       | |  2.7
Stealth        | |  0.6

Action                   |  1- 3 |  4- 6 || total
-------------------------+-------+-------++-------
Melee: Long sword        |    75 |   153 ||   228
       Kick              |    18 |    12 ||    30
       Headbutt          |       |    15 ||    15
Throw: Throwing net      |       |     1 ||     1
Invok: Recall Ancestor   |       |     1 ||     1
       Ancestor Identity |       |     1 ||     1
 Stab: Sleeping          |       |     2 ||     2
       Held in net/web   |       |     1 ||     1
  Eat: Chunk             |       |     9 ||     9
Armor: Leather armour    |    22 |    59 ||    81
Dodge: Dodged            |    58 |   135 ||   193
       Rpst.: Long sword |    24 |    33 ||    57
